ITL
INDIANA HOUNDS @ TRENTON STARS
08/06/2025
 
TOP OF THE 1ST
Indiana Hounds batting - Pitching for Trenton Stars : RHP José Ortíz
Pitching: RHP José Ortíz
Batting: RHB Víctor Chávez 0-0: Ball
1-0: Ball
2-0: Foul Ball, location: 2F
2-1: Swinging Strike
2-2: Foul Ball, location: 2F
2-2: Strikes out swinging
Batting: RHB Will Brown 0-0: Called Strike
0-1: Ball
1-1: Ball
2-1: Foul Ball, location: 2F
2-2: Strikes out looking
Batting: RHB Doug Murray 0-0: Called Strike
0-1: Foul Ball, location: 2F
0-2: Ball
1-2: Ball
2-2: Strikes out looking
Top of the 1st over - 0 run(s), 0 hit(s), 0 error(s), 0 left on base; Indiana 0 - Trenton 0
BOTTOM OF THE 1ST
Trenton Stars batting - Pitching for Indiana Hounds : RHP Claudio Martínez
Pitching: RHP Claudio Martínez
Batting: LHB Felipe Guerrero 0-0: Ball
1-0: Ground out 6-3 (Groundball, 6M)
Batting: RHB Felipe Olivas 0-0: DOUBLE (Groundball, 5L)
Batting: RHB Salvador Gonzáles 0-0: Called Strike
0-1: Ball
1-1: Ball
2-1: Fly out, F9 (Flyball, 9M)
Batting: LHB Jeff Gordon 0-0: Ball
1-0: Fly out, F7 (Line Drive, 7M)
Bottom of the 1st over - 0 run(s), 1 hit(s), 0 error(s), 1 left on base; Indiana 0 - Trenton 0
TOP OF THE 2ND
Indiana Hounds batting - Pitching for Trenton Stars : RHP José Ortíz
Batting: RHB Barney Lawson 0-0: Ball
1-0: Called Strike
1-1: Ball
2-1: Ground out 6-3 (Groundball, 56)
Batting: RHB Danny Walker 0-0: Foul Ball, location: 2F
0-1: Ball
1-1: Swinging Strike
1-2: Strikes out swinging
Batting: RHB António Venecia 0-0: Called Strike
0-1: Foul Ball, location: 2F
0-2: Ball
1-2: Ball
2-2: Strikes out swinging
Top of the 2nd over - 0 run(s), 0 hit(s), 0 error(s), 0 left on base; Indiana 0 - Trenton 0
BOTTOM OF THE 2ND
Trenton Stars batting - Pitching for Indiana Hounds : RHP Claudio Martínez
Batting: RHB Clancy Booker 0-0: Ball
1-0: Ground out 6-3 (Groundball, 6)
Batting: LHB Ju-wei Shiu 0-0: Ball
1-0: Called Strike
1-1: Ball
2-1: Called Strike
2-2: Foul Ball, location: 2F
2-2: Ball
3-2: SINGLE (Line Drive, 78M)
Batting: LHB Alberto Gómez 0-0: Foul Ball, location: 2F
0-1: Fielders Choice at 2nd, 1-6 (Groundball, 15)
Batting: RHB Jesús Dávila 0-0: Ball
1-0: Called Strike
1-1: Ball
2-1: Ball
3-1: Called Strike
3-2: Foul Ball, location: 2F
3-2: Ground out 6-3 (Groundball, 6)
Bottom of the 2nd over - 0 run(s), 1 hit(s), 0 error(s), 1 left on base; Indiana 0 - Trenton 0
TOP OF THE 3RD
Indiana Hounds batting - Pitching for Trenton Stars : RHP José Ortíz
Batting: LHB Clint Parkinson 0-0: Called Strike
0-1: Ball
1-1: Foul Ball, location: 2F
1-2: Foul Ball, location: 2F
1-2: Foul Ball, location: 2F
1-2: Ball
2-2: Ground out U3 (Groundball, 3)
Batting: LHB Pepe Vázquez 0-0: Ball
1-0: Ball
2-0: Ball
3-0: Called Strike
3-1: Base on Balls
Batting: RHB Paco Castillo 0-0: Called Strike
0-1: Foul Ball, location: 2F
0-2: Ball
1-2: Foul Ball, location: 2F
1-2: Ball
2-2: Ball
3-2: Fly out, F8 (Flyball, 78XD)
Runner from 1st tags up, SAFE at 2nd
Batting: RHB Víctor Chávez 0-0: Hit by Pitch
Batting: RHB Will Brown 0-0: Swinging Strike
0-1: Swinging Strike
0-2: Strikes out swinging
Top of the 3rd over - 0 run(s), 0 hit(s), 0 error(s), 2 left on base; Indiana 0 - Trenton 0
BOTTOM OF THE 3RD
Trenton Stars batting - Pitching for Indiana Hounds : RHP Claudio Martínez
Batting: RHB Kenji Murayama 0-0: Called Strike
0-1: Ground out 6-3 (Groundball, 6)
Batting: LHB Felipe Guerrero 0-0: Called Strike
0-1: Ball
1-1: Ball
2-1: Ball
3-1: Foul Ball, location: 2F
3-2: SINGLE (Flyball, 89S)
Batting: RHB Felipe Olivas 0-0: Called Strike
0-1: Foul Ball, location: 2F
0-2: Ball
1-2: Foul Ball, location: 2F
1-2: Ball
2-2: Foul Ball, location: 2F
2-2: Fly out, F3 (Popup, 3F)
Batting: RHB Salvador Gonzáles 0-0: Ball
Felipe Guerrero steals 2nd base
1-0: Ball
2-0: Ball
3-0: Base on Balls
Batting: LHB Jeff Gordon 0-0: Ball
1-0: Ground out 1-3 (Groundball, 23)
Bottom of the 3rd over - 0 run(s), 1 hit(s), 0 error(s), 2 left on base; Indiana 0 - Trenton 0
TOP OF THE 4TH
Indiana Hounds batting - Pitching for Trenton Stars : RHP José Ortíz
Batting: RHB Doug Murray 0-0: Ball
1-0: Foul Ball, location: 2F
1-1: Ball
2-1: Swinging Strike
2-2: Foul Ball, location: 2F
2-2: Ball
3-2: Base on Balls
Batting: RHB Barney Lawson 0-0: Ball
1-0: Ball
2-0: Ball
3-0: Called Strike
3-1: Called Strike
3-2: Grounds into double play, 1-6-3 (Groundball, 13)
Batting: RHB Danny Walker 0-0: Called Strike
0-1: Ball
1-1: Ball
2-1: Foul Ball, location: 2F
2-2: Foul Ball, location: 2F
2-2: Ground out 4-3 (Groundball, 4)
Top of the 4th over - 0 run(s), 0 hit(s), 0 error(s), 0 left on base; Indiana 0 - Trenton 0
BOTTOM OF THE 4TH
Trenton Stars batting - Pitching for Indiana Hounds : RHP Claudio Martínez
Batting: RHB Clancy Booker 0-0: Foul Ball, location: 2F
0-1: Ball
1-1: Ball
2-1: SOLO HOME RUN (Flyball, 89XD), Distance : 404 ft
Batting: LHB Ju-wei Shiu 0-0: Swinging Strike
0-1: Ball
1-1: Foul Ball, location: 2F
1-2: Ball
2-2: Strikes out looking
Batting: LHB Alberto Gómez 0-0: Ball
1-0: Called Strike
1-1: Swinging Strike
1-2: Strikes out swinging
Batting: RHB Jesús Dávila 0-0: Called Strike
0-1: SINGLE (Line Drive, 78M)
Batting: RHB Kenji Murayama 0-0: Called Strike
0-1: Ball
1-1: Ball
2-1: Ground out 2-3 (Groundball, 15S)
Bottom of the 4th over - 1 run(s), 2 hit(s), 0 error(s), 1 left on base; Indiana 0 - Trenton 1
TOP OF THE 5TH
Indiana Hounds batting - Pitching for Trenton Stars : RHP José Ortíz
Batting: RHB António Venecia 0-0: Ball
1-0: SINGLE (Groundball, 56D)
Batting: LHB Clint Parkinson 0-0: Ball
1-0: 2-RUN HOME RUN (Flyball, 9D), Distance : 351 ft
Batting: LHB Pepe Vázquez 0-0: Swinging Strike
0-1: Ground out 4-3 (Groundball, 4)
Batting: RHB Paco Castillo 0-0: Ball
1-0: SINGLE (Flyball, 78S)
Batting: RHB Víctor Chávez 0-0: Ball
Paco Castillo is caught stealing 2nd base
1-0: Ball
2-0: Swinging Strike
2-1: Fly out, F8 (Flyball, 8LM)
Top of the 5th over - 2 run(s), 3 hit(s), 0 error(s), 0 left on base; Indiana 2 - Trenton 1
BOTTOM OF THE 5TH
Trenton Stars batting - Pitching for Indiana Hounds : RHP Claudio Martínez
Batting: LHB Felipe Guerrero 0-0: Called Strike
0-1: Ball
1-1: Ball
2-1: Ball
3-1: SINGLE (Groundball, 6MD)
Batting: RHB Felipe Olivas 0-0: Foul Ball, location: 2F
0-1: Called Strike
0-2: Strikes out swinging
Batting: RHB Salvador Gonzáles 0-0: Called Strike
0-1: Foul Ball, location: 2F
0-2: Ball
1-2: 2-RUN HOME RUN (Flyball, 9D), Distance : 361 ft
Batting: LHB Jeff Gordon 0-0: Foul Ball, location: 2F
0-1: Ball
1-1: Swinging Strike
1-2: Ball
2-2: Fly out, F7 (Flyball, 78S)
Batting: RHB Clancy Booker 0-0: Called Strike
0-1: Swinging Strike
0-2: Ground out 3-1 (Groundball, 34S)
Bottom of the 5th over - 2 run(s), 2 hit(s), 0 error(s), 0 left on base; Indiana 2 - Trenton 3
TOP OF THE 6TH
Indiana Hounds batting - Pitching for Trenton Stars : RHP José Ortíz
Batting: RHB Will Brown 0-0: Fly out, F9 (Flyball, 89D)
Batting: RHB Doug Murray 0-0: Called Strike
0-1: Ball
1-1: Ground out 6-3 (Groundball, 6)
Batting: RHB Barney Lawson 0-0: Foul Ball, location: 2F
0-1: Swinging Strike
0-2: SINGLE (Line Drive, 9LS)
Batting: RHB Danny Walker 0-0: DOUBLE (Line Drive, 9LS)
Barney Lawson to third
Runner from 3rd tries for Home, SAFE, no throw or cutoff
Batting: RHB António Venecia 0-0: Fly out, F9 (Flyball, 89D)
Top of the 6th over - 1 run(s), 2 hit(s), 0 error(s), 1 left on base; Indiana 3 - Trenton 3
BOTTOM OF THE 6TH
Trenton Stars batting - Pitching for Indiana Hounds : RHP Claudio Martínez
Pitching: LHP Chu-chu Ch'oe
Batting: LHB Ju-wei Shiu 0-0: Ball
1-0: Foul Ball, location: 2F
1-1: Ball
2-1: Swinging Strike
2-2: Strikes out swinging
Pitching: RHP Teddy Mathews
Batting: LHB Alberto Gómez 0-0: Ball
1-0: Ball
2-0: Called Strike
2-1: Foul Ball, location: 2F
2-2: Foul Ball, location: 2F
2-2: Strikes out swinging
Batting: RHB Jesús Dávila 0-0: SINGLE (Groundball, 6)
Batting: RHB Kenji Murayama 0-0: Ball
1-0: Ball
Jesús Dávila steals 2nd base
2-0: Ball
3-0: Base on Balls
Batting: LHB Felipe Guerrero 0-0: Ball
1-0: Ball
2-0: Ball
3-0: Called Strike
3-1: Called Strike
3-2: Ground out 4-3 (Groundball, 4)
Bottom of the 6th over - 0 run(s), 1 hit(s), 0 error(s), 2 left on base; Indiana 3 - Trenton 3
TOP OF THE 7TH
Indiana Hounds batting - Pitching for Trenton Stars : RHP José Ortíz
Batting: LHB Clint Parkinson 0-0: Ground out 1-3 (Groundball, 13S)
Pinch Hitting: RHB Marc Ploughman 0-0: Ball
1-0: Ball
2-0: Ball
3-0: Called Strike
3-1: Base on Balls
Pinch Hitting: LHB Diego Torres 0-0: Ball
1-0: Called Strike
1-1: Swinging Strike
1-2: Foul Ball, location: 2F
1-2: Ball
2-2: Strikes out swinging
Pitching: RHP Ki-tong Shiu
Batting: RHB Víctor Chávez 0-0: Called Strike
0-1: Ball
1-1: Ground out 5-3 (Groundball, 5)
Top of the 7th over - 0 run(s), 0 hit(s), 0 error(s), 1 left on base; Indiana 3 - Trenton 3
BOTTOM OF THE 7TH
Trenton Stars batting - Pitching for Indiana Hounds : RHP Teddy Mathews
Now in LF: Diego Torres
Now in RF: Marc Ploughman
Batting: RHB Felipe Olivas 0-0: Ball
1-0: Called Strike
1-1: Ground out 5-3 (Groundball, 5)
Batting: RHB Salvador Gonzáles 0-0: Ball
1-0: Swinging Strike
1-1: Foul Ball, location: 2F
1-2: Ball
2-2: Fly out, F9 (Flyball, 9D)
Batting: LHB Jeff Gordon 0-0: Called Strike
0-1: Ball
1-1: Ground out 4-3 (Groundball, 34)
Bottom of the 7th over - 0 run(s), 0 hit(s), 0 error(s), 0 left on base; Indiana 3 - Trenton 3
TOP OF THE 8TH
Indiana Hounds batting - Pitching for Trenton Stars : RHP Ki-tong Shiu
Batting: RHB Will Brown 0-0: Swinging Strike
0-1: SOLO HOME RUN (Flyball, 8LXD), Distance : 417 ft
Batting: RHB Doug Murray 0-0: Swinging Strike
0-1: Fly out, F8 (Flyball, 8RS)
Batting: RHB Barney Lawson 0-0: Ball
1-0: Ball
2-0: Called Strike
2-1: SINGLE (Line Drive, 89M)
Pinch Hitting: RHB Jorge Rodríguez 0-0: Called Strike
0-1: Foul Ball, location: 2F
0-2: Ball
1-2: Grounds into double play, 5-4-3 (Groundball, 5)
Top of the 8th over - 1 run(s), 2 hit(s), 0 error(s), 0 left on base; Indiana 4 - Trenton 3
BOTTOM OF THE 8TH
Trenton Stars batting - Pitching for Indiana Hounds : RHP Teddy Mathews
Pitching: RHP Estefan Jiménez
Now at 2B: Rafael Herrera
Batting: RHB Clancy Booker 0-0: Called Strike
0-1: Ball
1-1: Called Strike
1-2: Foul Ball, location: 2F
1-2: Ball
2-2: SINGLE (Line Drive, 7LS)
Pitching: LHP Dennis Taylor
Pinch Hitting: RHB Rafael Canales 0-0: Ball
1-0: Called Strike
1-1: Ball
2-1: Foul Ball, location: 2F
2-2: Grounds into double play, 6-4-3 (Groundball, 6)
Batting: LHB Alberto Gómez 0-0: Called Strike
0-1: Swinging Strike
0-2: Foul Ball, location: 2F
0-2: Fly out, F3 (Line Drive, 3S)
Bottom of the 8th over - 0 run(s), 1 hit(s), 0 error(s), 0 left on base; Indiana 4 - Trenton 3
TOP OF THE 9TH
Indiana Hounds batting - Pitching for Trenton Stars : RHP Ki-tong Shiu
Now at 1B: Rafael Canales
Batting: RHB António Venecia 0-0: Foul Ball, location: 2F
0-1: Ball
1-1: Swinging Strike
1-2: Strikes out looking
Batting: LHB Clint Parkinson 0-0: Swinging Strike
0-1: Ball
1-1: Swinging Strike
1-2: Foul Ball, location: 2F
1-2: Strikes out looking
Batting: RHB Marc Ploughman 0-0: Called Strike
0-1: Ball
1-1: Ground out 5-3 (Groundball, 56)
Top of the 9th over - 0 run(s), 0 hit(s), 0 error(s), 0 left on base; Indiana 4 - Trenton 3
BOTTOM OF THE 9TH
Trenton Stars batting - Pitching for Indiana Hounds : LHP Dennis Taylor
Pitching: LHP Pedro Torres
Now at C: Howard Daniel
Batting: RHB Jesús Dávila 0-0: Called Strike
0-1: Called Strike
0-2: Fly out, F9 (Flyball, 9LM)
Batting: RHB Kenji Murayama 0-0: Ball
1-0: Called Strike
1-1: Called Strike
1-2: Ground out 5-3 (Groundball, 5)
Batting: LHB Felipe Guerrero 0-0: Ball
1-0: Foul Ball, location: 2F
1-1: Ball
2-1: Ball
3-1: SINGLE (Groundball, 4MD)
Batting: RHB Felipe Olivas 0-0: Ball
1-0: Foul Ball, location: 2F
1-1: Ball
2-1: Ball
3-1: Foul Ball, location: 2F
3-2: Foul Ball, location: 2F
3-2: Base on Balls
Felipe Guerrero to second
Batting: RHB Salvador Gonzáles 0-0: Called Strike
0-1: SINGLE (Groundball, 6MD)
Felipe Guerrero to third
Felipe Olivas to second
Runner from 3rd tries for Home, SAFE, no throw or cutoff
Pinch Hitting: RHB Chris Cole 0-0: Ball
1-0: Ball
2-0: Ball
3-0: Called Strike
3-1: Foul Ball, location: 2F
3-2: Foul Ball, location: 2F
3-2: SINGLE (Groundball, 56)
Felipe Olivas to third
Salvador Gonzáles to second
Felipe Olivas scores
This league is powered by Out of the Park Baseball, the baseball management simulation game for PC, Mac and Linux
Tuesday, August 2nd, 2016 - OOTP Baseball 16.8 Build 38